 Dungeon Crawl Stone Soup version 0.18.1-48-g4cf74bf (webtiles) character file.

6853 Ponchio the Fighter (level 11, -7/72 HPs)
             Began as a Gargoyle Fighter on Sept 9, 2016.
             Was a Priest of Qazlal.
             Killed from afar by an ice statue (13 damage)
             ... with a shard of ice
             ... on level 9 of the Dungeon.
             The game lasted 00:42:07 (8871 turns).

Ponchio the Fighter (Gargoyle Fighter)              Turns: 8871, Time: 00:42:08

Health: -7/72      AC: 16    Str: 20    XL:     11   Next: 6%
Magic:  11/11      EV: 15    Int:  9    God:    Qazlal [***...]
Gold:   504        SH: 16    Dex: 18    Spells: 0 memorised, 10 levels left

rFire  + . .     SeeInvis .     a - +1 flail
rCold  + . .     Gourm    .     s - +4 robe "Miboidec" {-Cast rElec rN+++ Dex+3}
rNeg   + + +     Faith    .     c - +0 shield
rPois  ∞         Spirit   .     (no helmet)
rElec  +         Dismiss  .     F - +0 cloak (curse)
rCorr  +         Reflect  .     (no gloves)
SustAt .         Harm     .     t - +0 pair of boots
MR     .....     NoCast   +     (no amulet)
Stlth  +.........               (no ring)
                                i - +3 ring of dexterity

@: resistant, flying (expiring), not resistant to hostile enchantments, very
unstealthy
A: negative energy resistance 1, electricity resistance, unbreathing,
petrification resistance, rot immunity, AC +7
a: Upheaval, Elemental Force, Renounce Religion


You were on level 9 of the Dungeon.
You worshipped Qazlal.
Qazlal was most pleased with you.
You were hungry.

You visited 1 branch of the dungeon, and saw 9 of its levels.

You collected 504 gold pieces.

Inventory:

Hand Weapons
 a - a +1 flail (weapon)
 n - a +4 quarterstaff of holy wrath
 A - a +2 whip of freezing
Armour
 c - a +0 shield (worn)
 m - a +0 cloak
 s - the +4 robe "Miboidec" (worn) {-Cast rElec rN+++ Dex+3}
   (You found it on level 4 of the Dungeon)

   It affects your dexterity (+3).
   It insulates you from electricity.
   It renders you almost immune to negative energy.
   It prevents spellcasting.
 t - a +0 pair of boots (worn)
 y - a +1 ring mail of positive energy
 F - a cursed +0 cloak (worn)
 L - the +4 ring mail "Mery" {+Fly rN+ Str-3}
   (You found it on level 6 of the Dungeon)

   It affects your strength (-3).
   It protects you from negative energy.
   It lets you fly.
Jewellery
 i - a +3 ring of dexterity (left hand)
 p - a +5 ring of intelligence
 u - an uncursed ring of fire
Wands
 k - a wand of disintegration (7/24)
 x - a wand of acid (3/15)
 C - a wand of slowing (3/48)
 O - a wand of confusion (32/48)
 Q - a wand of digging (10/24)
 R - a wand of paralysis (16/24)
Scrolls
 h - a scroll of immolation {unknown}
 j - 2 scrolls of enchant weapon
 o - 5 scrolls of remove curse
 q - a scroll of amnesia {unknown}
 G - a scroll of fog {unknown}
 N - 2 scrolls of teleportation
 P - a scroll of vulnerability {unknown}
Potions
 d - 3 potions of might
 r - a potion of cure mutation
 v - 2 potions of flight
 w - 4 potions of lignification
 B - a potion of brilliance {unknown}
 D - a potion of heal wounds {unknown}
 E - a potion of cancellation {unknown}
 H - a potion of magic {unknown}
 M - a potion of agility {unknown}
 S - 2 potions of degeneration {unknown}
Books
 I - a book of Unlife

   Spells                             Type                      Level
   a - Recall                         Summoning/Translocation      3
   b - Animate Dead                   Necromancy                   4
   c - Control Undead                 Necromancy                   4
   d - Cigotuvi's Embrace             Necromancy                   5
   e - Death Channel                  Necromancy                   6
   f - Simulacrum                     Ice/Necromancy               6
 J - the Tome of Earthen Calling
   (You found it on level 6 of the Dungeon)

   Spells                             Type                      Level
   a - Sandblast                      Earth                        1
   b - Petrify                        Transmutation/Earth          4
   c - Summon Mana Viper              Hexes/Summoning              5
   d - Aura of Abjuration             Summoning                    5
   e - Summon Demon                   Summoning                    5
 K - Sif Muna's Catalogue of Moulding and Stones
   (You found it on level 6 of the Dungeon)

   Spells                             Type                      Level
   a - Sandblast                      Earth                        1
   b - Ignite Poison                  Fire/Transmutation/Poison    3
   c - Dragon Form                    Transmutation                7
   d - Shatter                        Earth                        9
Comestibles
 b - 3 slices of pizza
 f - 6 bread rations
 g - 5 beef jerkies
 l - 7 fruits
 z - 3 meat rations


   Skills:
 + Level 10.0 Fighting
 + Level 8.5 Maces & Flails
 - Level 6.6 Armour
 + Level 5.9 Dodging
 + Level 8.7 Shields


You had 10 spell levels left.
You didn't know any spells.

Dungeon Overview and Level Annotations

Branches:
Dungeon (9/15)             Temple (0/1) D:6
   Lair: D:8-11         Orc: D:9-12

Altars:
Ashenzari
Fedhas
Okawaru
Pakellas
Qazlal
Sif Muna
Trog
Vehumet

Shops:
D:8 :

Annotations:
D:6 2 runed doors
D:9 exclusion: ice statue


Innate Abilities, Weirdness & Mutations

You are resistant to torment.
Your stone body is resilient (AC +7).
You are immune to poison.
You resist negative energy.
You are resistant to electric shocks.
You can survive without breathing.
You are immune to petrification.
You are immune to rotting.


Message History

The ice statue is heavily damaged.
The ice statue gestures at you. The bolt of cold hits you! You resist.
* * * LOW HITPOINT WARNING * * *
Drink which item? (? for menu, Esc to quit)
Okay, then.
Evoke which item? (* to show all) (? for menu, Esc to quit)
Zapping:
Q - a wand of digging (will waste charges)
Press: ? - help, Shift-Dir - straight line, f - ice statue
Aim: an ice statue (heavily damaged)
You hear a grinding noise.
Evoking this partially-identified wand wasted a few charges.
The ice statue gestures at you. The shard of ice hits you!
You partially resist.
* * * LOW HITPOINT WARNING * * *
The ice statue gestures.
Careful!
You are starting to lose your buoyancy.
The ice statue gestures at you. The shard of ice hits you!
You partially resist.
You die...

.. .# ... .##
#.###.####..#
#.##........ ## #.##...
≈≈. # .## #.##..##≈## .#
..#### #.##.≈#}))#§§#
#....# #.##.≈≈[8[§≈..
..##.#######.##.@#Y(=#§.#
.###............§##≈##..#
.............#....≈≈≈...#
##############.....§....#
#...######## #####


You could see an ice statue.

Vanquished Creatures
  The ghost of Antonin the Changer, a novice OpTm of Cheibriados (D:7)
  Pikel (D:4)
  Maurice (D:8)
  Joseph (D:8)
  Prince Ribbit (D:8)
  A two-headed ogre (D:8)
  Sigmund (D:4)
  2 hungry ghosts
  A water moccasin (D:6)
  3 orc warriors
  A sky beast (D:6)
  2 ice beasts
  A phantom (D:6)
  A wasp (D:8)
  A necrophage (D:7)
  A black bear (D:6)
  The ghost of SaintRoka the Insei, an amateur MfTm (D:5)
  2 centaurs (D:5)
  3 ogres
  The ghost of Antonin the Changer, an amateur OpTm (D:3)
  2 giant frogs
  2 big kobolds (D:7)
  A water moccasin skeleton (D:8)
  2 scorpions
  12 killer bees
  A wight (D:6)
  5 howler monkeys
  4 crimson imps
  2 quasits (D:7)
  2 giant frog zombies
  7 jellies
  6 orc priests
  6 hounds
  3 centaur skeletons
  12 orc wizards
  An iguana (D:7)
  7 worker ants
  A hound zombie (D:5)
  2 worker ant zombies
  7 adders
  3 gnolls (D:2)
  A shadow imp (D:6)
  An ooze (D:4)
  2 adder zombies (D:6)
  2 adder skeletons
  A dart slug (D:2)
  11 giant geckos
  24 orcs
  2 giant cockroaches (D:2)
  7 goblins
  7 hobgoblins
  8 jackals
  19 kobolds
  3 quokkas
  2 bats
  A giant cockroach zombie (D:5)
  10 giant newts
  2 jackal skeletons
  9 rats
227 creatures vanquished.

Vanquished Creatures (others)
  A hound (D:4)
  An orc wizard (D:5)
2 creatures vanquished.

Grand Total: 229 creatures vanquished

Notes
Turn   | Place    | Note
--------------------------------------------------------------
     0 | D:1      | Ponchio the Gargoyle Fighter began the quest for the Orb.
     0 | D:1      | Reached XP level 1. HP: 14/14 MP: 1/1
   164 | D:1      | Reached XP level 2. HP: 19/19 MP: 2/2
   581 | D:2      | Reached XP level 3. HP: 24/24 MP: 3/3
   617 | D:2      | Reached skill level 4 in Fighting
   810 | D:2      | Reached XP level 4. HP: 23/29 MP: 4/4
  1617 | D:3      | Reached XP level 5. HP: 33/34 MP: 5/5
  1637 | D:3      | Reached skill level 5 in Fighting
  1797 | D:3      | Noticed Antonin's ghost (amateur OpTm)
  1812 | D:3      | Killed Antonin's ghost
  1812 | D:3      | Reached XP level 6. HP: 40/40 MP: 6/6
  2352 | D:4      | Noticed Sigmund
  2365 | D:4      | Killed Sigmund
  2365 | D:4      | Reached skill level 1 in Dodging
  2365 | D:4      | Reached XP level 7. HP: 30/45 MP: 7/7
  2516 | D:3      | Reached skill level 6 in Fighting
  2516 | D:3      | Reached skill level 5 in Maces & Flails
  2738 | D:4      | Got a twisted robe
  2763 | D:4      | Noticed Pikel
  2779 | D:4      | Killed Pikel
  2779 | D:4      | Reached XP level 8. HP: 34/52 MP: 8/8
  2828 | D:4      | Reached skill level 5 in Armour
  2856 | D:4      | Identified the +4 robe "Miboidec" {-Cast rElec rN+++ Dex+3} (You found it on level 4 of the Dungeon)
  3116 | D:4      | Reached skill level 5 in Shields
  3162 | D:5      | Entered Level 5 of the Dungeon
  3172 | D:5      | Noticed SaintRoka's ghost (amateur MfTm)
  3174 | D:5      | Reached skill level 7 in Fighting
  3335 | D:5      | Killed SaintRoka's ghost
  3511 | D:5      | Reached XP level 9. HP: 26/57 MP: 9/9
  3960 | D:5      | Found a stormy altar of Qazlal.
  3990 | D:5      | Became a worshipper of Qazlal Stormbringer
  4432 | D:6      | Found a staircase to the Ecumenical Temple.
  5287 | D:6      | Reached skill level 8 in Fighting
  5363 | D:6      | Found a bloodstained altar of Trog.
  5636 | D:6      | Found a large runed door.
  5637 | D:6      | Found a large runed door.
  5648 | D:6      | Found a large runed door.
  5648 | D:6      | Found a large runed door.
  5752 | D:6      | Reached * piety under Qazlal
  5776 | D:6      | Identified the Tome of Earthen Calling
  5807 | D:6      | Found an iron altar of Okawaru.
  5808 | D:6      | Found an oddly glowing altar of Pakellas.
  5809 | D:6      | Found a deep blue altar of Sif Muna.
  6135 | D:6      | Found a blossoming altar of Fedhas.
  6201 | D:6      | Got a translucent ring mail
  6212 | D:6      | Identified the +4 ring mail "Mery" {+Fly rN+ Str-3} (You found it on level 6 of the Dungeon)
  6368 | D:6      | Identified Sif Muna's Catalogue of Moulding and Stones
  6453 | D:7      | Reached XP level 10. HP: 60/65 MP: 10/10
  6589 | D:7      | Noticed Antonin's ghost (novice OpTm)
  6679 | D:7      | Killed Antonin's ghost
  6679 | D:7      | Reached skill level 9 in Fighting
  6830 | D:7      | Reached ** piety under Qazlal
  7148 | D:7      | Reached skill level 5 in Dodging
  7502 | D:8      | Noticed Joseph
  7535 | D:8      | Killed Joseph
  7886 | D:8      | Noticed Prince Ribbit
  7888 | D:8      | Reached *** piety under Qazlal
  7902 | D:8      | Killed Prince Ribbit
  8189 | D:8      | Found a shattered altar of Ashenzari.
  8227 | D:8      | Found Gidixaypn's Book Emporium.
  8713 | D:8      | Noticed Maurice
  8731 | D:8      | Killed Maurice
  8731 | D:8      | Reached skill level 10 in Fighting
  8731 | D:8      | Reached XP level 11. HP: 72/72 MP: 11/11
  8805 | D:9      | Found a radiant altar of Vehumet.
  8871 | D:9      | Killed from afar by an ice statue

Skill      XL: |  1  2  3  4  5  6  7  8  9 10 |
---------------+-------------------------------+-----
Maces & Flails | 3 4 5 6 7 8 |  8.5
Fighting       | 4 5 6 7 8 10 | 10.0
Dodging        | 1 2 3 4 5 |  5.9
Armour         | 4 5 6 |  6.6
Shields        | 4 5 7 8 |  8.7

Action                   |  1- 3 |  4- 6 |  7- 9 | 10-12 || total
-------------------------+-------+-------+-------+-------++-------
Melee: Flail             |   129 |   221 |   440 |   499 ||  1289
Evoke: Wand              |       |       |       |     1 ||     1
  Use: Scroll            |       |     8 |     3 |     1 ||    12
       Potion            |       |       |     1 |     5 ||     6
 Stab: Sleeping          |       |       |     1 |       ||     1
       Invisible         |       |       |       |     5 ||     5
  Eat: Chunk             |       |     5 |    13 |     5 ||    23
       Fruit             |       |       |     4 |     4 ||     8
Armor: Scale mail        |    70 |       |       |       ||    70
       Ring mail         |    10 |   114 |    22 |       ||   146
       Robe              |       |       |   101 |   146 ||   247
Dodge: Dodged            |    39 |    91 |   183 |   198 ||   511
Block: Shield            |    85 |   136 |   227 |   348 ||   796
